 Dungeon Crawl Stone Soup version 0.32-a0-933-ga8fa3634e4 (webtiles) character file.

Game seed: 4220233407916826904

186 Meejax the Ducker (level 5, -1/39 HPs)
             Began as a Demonspawn Gladiator on Apr 14, 2024.
             Slain by a bullfrog (4 damage)
             ... in a sewer.
             The game lasted 00:04:56 (1968 turns).

Meejax the Ducker (Demonspawn Gladiator)            Turns: 1968, Time: 00:04:57

Health: -1/39      AC:  4    Str: 14    XL:     5   Next: 38%
Magic:  5/5        EV:  2    Int:  8    God:
Gold:   55         SH:  0    Dex: 17    Spells: 4/4 levels left

rFire   . . .        l - +0 dagger
rCold   . . .        (no shield)
rNeg    . . .        b - +0 leather armour
rPois   .            c - +0 helmet
rElec   .            (no cloak)
rCorr   .            (no gloves)
SInv    .            (no boots)
Will    .....        (no amulet)
Stlth   +            n - +4 ring of slaying
HPRegen 0.26/turn    (no ring)
MPRegen 0.09/turn

%: no passive effects
@: constricted, very slow
A: demonic touch 1
a: no special abilities


You were in a sewer.
You visited 1 branch of the dungeon, and saw 3 of its levels.
You also visited: Sewer.

You collected 55 gold pieces.

Inventory:

Hand Weapons
 a - a +0 long sword
 l - a +0 dagger (weapon)
Missiles
 d - 2 throwing nets (quivered)
 e - a javelin
Armour
 b - a +0 leather armour (worn)
 c - a +0 helmet (worn)
Jewellery
 n - a +4 ring of slaying (left hand)
Scrolls
 h - a scroll of identify
 k - a scroll of amnesia
Potions
 f - a potion of enlightenment


   Skills:
 + Level 2.3 Fighting
 * Level 2.3(3.1) Short Blades
 - Level 3.1(3.5) Long Blades
 + Level 1.9 Throwing
 + Level 2.1 Armour
 + Level 3.5 Dodging
 + Level 0.2 Stealth


You had 4 spell levels left.
You didn't know any spells.
Your spell library contained the following spells:

 Spells                   Type           Power      Damage    Failure   Level
 Sandblast                Erth           0%         2d4       47%         1
 Dazzling Flash           Conj/Hex       0%         N/A       85%         3
 Hailstorm                Conj/Ice       0%         3d5       85%         3
 Stone Arrow              Conj/Erth      0%         3d7       85%         3
 Summon Ice Beast         Ice/Summ       0%         N/A       85%         3
 Animate Armour           Summ/Erth      0%         N/A       99%         4
 Brom's Barrelling Bould  Conj/Erth      0%         2d3       99%         4
 Vhi's Electric Charge    Tloc/Air       0%         N/A       99%         4
 Arcjolt                  Conj/Air       0%         1d10      100%        5
 Plasma Beam              Fire/Air       0%         2x1d10    100%        6
 Lehudib's Crystal Spear  Conj/Erth      0%         10d2      100%        8


Dungeon Overview and Level Annotations

Branches:
Dungeon (3/15)              Sewer (1/1)

Altars:
Qazlal
Yredelemnul


Innate Abilities, Weirdness & Mutations

Your touch may inflict minor irresistible damage on your foes.


Message History

The endoplasm hits you but does no damage.
The giant cockroach bites you but does no damage.
The ball python closely misses you. The ball python barely misses you.
You enter the shallow water.
Moving in this stuff is going to be slow.
The bullfrog hits you.
You see here a giant cockroach corpse.
The bullfrog swells and bulges.
The bullfrog barely misses you.
The bullfrog hits you but does no damage.
The bullfrog hits you.
You feel much better.
The bullfrog hits you but does no damage.
The bullfrog hits you. x2
Okay, then.
The bullfrog attacks as it pursues you! The bullfrog misses you.
The bullfrog attacks as it pursues you! The bullfrog barely misses you.
The bullfrog closely misses you. The bullfrog hits you.
The bullfrog barely misses you. The bullfrog attacks as it pursues you!
The bullfrog hits you but does no damage.
The bullfrog closely misses you. The bullfrog hits you.
The bullfrog hits you but does no damage.
The bullfrog hits you.
* * * LOW HITPOINT WARNING * * *
The ball python closely misses you. The ball python barely misses you.
The bullfrog misses you.
The ball python bites you but does no damage.
The ball python grabs you. The ball python constricts you.
You hit the bullfrog.
The bullfrog is heavily wounded.
The bullfrog hits you.
* * * LOW HITPOINT WARNING * * *
The bullfrog hits you.
* * * LOW HITPOINT WARNING * * *
The ball python bites you but does no damage.
The ball python constricts you. The bullfrog hits you.
* * * LOW HITPOINT WARNING * * *
The bullfrog hits you.
You die...

#~~~.###~.~###~..~#~~#
#~~~##~.~~~~.##~~~#~.##
#~~##~~~~~~.~~##†~##..#
~~.#~.~~~.~~~~~#~~~#.∩#
.~##.~~#####~~~##~~#~.#
~~#.~†## ##~~~#~~##.##
~.#~~## ##~~#~~~#~.#
~##~~#≈≈~~~≈≈#~~###.#~~#
~#~~##≈≈~~~~≈##~@~#.#~~#
~#~~#≈≈.~~~~.≈#FSF#~#~~#
~#..#≈≈...~~~≈#~S~#~#~~#
~#~~#≈~~!.~~~.#JB##~#~~#
~#.~#≈..$?~~J.#†~#~~#~~#
~#~~#≈~.$)$~~B#.~#~~#~~#
~#~~##≈~.?~.~##..#~.~~.#
~##~~#≈~~.~~.~.~.#~~~.~#
.~#~.##≈.~~~SS~###~~~~~#


You could see 2 bullfrogs, an endoplasm, a giant cockroach and 2 ball pythons.

Vanquished Creatures
  Robin (D:2)
  6 adders
  2 river rats (D:3)
  A ribbon worm (D:2)
  8 dart slugs
  10 endoplasms
  6 giant cockroaches
  8 goblins
  8 hobgoblins
  3 kobolds
  5 quokkas
  14 ball pythons
  2 bats (D:2)
  4 frilled lizards
  3 rats
81 creatures vanquished.

Notes
Turn   | Place    | Note
-------+----------+-------------------------------------------
     0 | D:1      | Meejax the Demonspawn Gladiator began the quest for the
                  | Orb.
     0 | D:1      | Reached XP level 1. HP: 16/16 MP: 1/1
   108 | D:1      | Got the Volume of the Trilobite
   149 | D:1      | Gained mutation: Your touch may inflict minor irresistible
                  | damage on your foes. [demonic ancestry]
   149 | D:1      | Reached XP level 2. HP: 22/22 MP: 2/2
   619 | D:2      | Noticed Robin
   629 | D:2      | HP: 1/22 [hobgoblin[Robin] (5)]
   639 | D:2      | HP: 1/22 [Robin/goblin (2)]
   649 | D:2      | Killed Robin
   650 | D:2      | Reached XP level 3. HP: 3/27 MP: 3/3
   821 | D:2      | Reached skill level 1 in Short Blades
   821 | D:2      | Reached skill level 1 in Armour
   957 | D:2      | Reached XP level 4. HP: 33/33 MP: 4/4
  1388 | D:3      | Found a stormy altar of Qazlal.
  1388 | D:3      | Found a basalt altar of Yredelemnul.
  1464 | D:3      | Found a faded altar of an unknown god.
  1593 | D:3      | Found a glowing drain.
  1597 | Sewer    | Entered a sewer
  1682 | Sewer    | Reached XP level 5. HP: 38/38 MP: 5/5
  1968 | Sewer    | Slain by a bullfrog

Illustrated notes

Levels and vault maps discovered:
D:1:      minmay_arrival_split_and_join, layout_rooms, roderic_lattice_a,
          minmay_pentomino_q4
D:2:      layout_loops_ring, uniq_robin
D:3:      layout_basic, minitemple, gup_sewer_entry_spiral,
          ebering_ecumenical_altar_hall, uniq_ijyb
Sewer:    sewer_frog_island_02

Skill      XL: |  1  2  3  4  5 |
---------------+----------------+-----
Long Blades    | 3 |  3.1
Dodging        | 3 |  3.5
Short Blades   | 1 2 |  2.3
Armour         | 1 2 |  2.1
Fighting       | |  2.3
Throwing       | |  1.9
Stealth        | |  0.2

Action                     |  1- 3 |  4- 6 || total
---------------------------+-------+-------++-------
  Melee: Long sword        |    32 |       ||    32
         Dagger            |    43 |   143 ||   186
         Touch             |    15 |    22 ||    37
  Throw: Throwing net      |     2 |       ||     2
    Use: Potion            |     2 |     2 ||     4
         Scroll            |     1 |     4 ||     5
   Stab: Held in net/web   |     1 |       ||     1
 Armour: Leather armour    |    36 |   114 ||   150
  Dodge: Dodged            |    58 |    94 ||   152

Table legend: (Time is in decaauts)
 A = Elapsed time spent in this place.
 B = Non-inter-level travel time spent in this place.
 C = Inter-level travel time spent in this place.
 D = Time resting spent in this place.
 E = Time spent auto-exploring this place.
 F = Levels seen in this place.
 G = Mean time per level.
                   A        B        C        D        E       F      G
               +--------+--------+--------+--------+--------+-----+--------+
         Total |   2034 |   1994 |     40 |     72 |   1267 |   4 |  508.5 |
       Dungeon |   1612 |   1572 |     40 |     72 |   1032 |   3 |  537.3 |
         Sewer |    421 |    421 |      0 |      0 |    235 |   1 |  421.0 |
               +--------+--------+--------+--------+--------+-----+--------+

Top non-repeatable levels by time:
     D:2: 710 daAuts
     D:1: 674 daAuts
   Sewer: 421 daAuts
     D:3: 228 daAuts
